 Dungeon Crawl Stone Soup version 0.28.0 (webtiles) character file.

Game seed: 5106005551811866335

51 Minsecho the Chiller (level 3, -8/24 HPs)
             Began as a Merfolk Ice Elementalist on Feb 6, 2022.
             Mangled by Sigmund (10 damage)
             ... on level 2 of the Dungeon.
             The game lasted 00:02:41 (1475 turns).

Minsecho the Chiller (Merfolk Ice Elementalist)     Turns: 1475, Time: 00:02:42

Health: -8/24      AC:  3    Str:  7 (10) XL:     3   Next: 81%
Magic:  3/7        EV: 12    Int: 11 (14) God:
Gold:   48         SH:  0    Dex: 12 (14) Spells: 3/7 levels left

rFire   . . .      SeeInvis .   f - +0 trident
rCold   . . .      Faith    .   (no shield)
rNeg    . . .      Spirit   .   a - +0 robe
rPois   .          Reflect  .   g - +0 helmet
rElec   .          Harm     .   (no cloak)
rCorr   .          Rampage  .   (no gloves)
Will    .....                   (no boots)
Stlth   ++........              (no amulet)
HPRegen 0.08/turn               (no ring)
MPRegen 0.10/turn               (no ring)

@: lethally poisoned (-8 -> -17), freezing walls
A: (nimble swimmer 2), mertail
a: no special abilities


You were on level 2 of the Dungeon.
You visited 1 branch of the dungeon, and saw 2 of its levels.

You collected 48 gold pieces.

Inventory:

Hand Weapons
 c - a +0 dagger
 f - a +0 trident (weapon)
Armour
 a - a +0 robe (worn)
 g - a +0 helmet (worn)
Scrolls
 d - a scroll of noise {unknown}
 i - 2 scrolls of silence {unknown}
Potions
 e - a potion of berserk rage


   Skills:
 + Level 0.2 Short Blades
 + Level 3.1 Dodging
 - Level 2.6 Stealth
 + Level 2.7 Spellcasting
 + Level 5.0 Ice Magic


You had 3 spell levels left.
You knew the following spells:

 Your Spells              Type           Power      Damage    Failure   Level
a - Freeze                Ice            48%        1d7       3%          1
b - Frozen Ramparts       Ice            24%        1d4       11%         3

Your spell library contained the following spells:

 Spells                   Type           Power      Damage    Failure   Level
 Ozocubu's Armour         Ice            12%        N/A       11%         3
 Hailstorm                Conj/Ice       7%         3d4       67%         4


Dungeon Overview and Level Annotations

Branches:
Dungeon (2/15)

Altars:

Annotations:
D:2 Sigmund


Innate Abilities, Weirdness & Mutations

((You are very nimble when in or above water. (Stealth+, EV+, Speed+++)))
Your lower body shifts to a powerful aquatic tail in water.


Message History

You feel very sick.
Okay, then.
Unknown command.
Casting: Frozen Ramparts (quite dangerous; 11% risk of failure)
Confirm with . or Enter, or press ? or * to list all spells.
The spell is quite dangerous to miscast (11% risk of failure)!
Continue anyway?
Casting: Frozen Ramparts (quite dangerous; 11% risk of failure)
Press: ? - help, Dir - look around, f - activate The walls around you are covered in ice.
You feel sick.
The wall freezes Sigmund.
Sigmund hits you from afar with a +3 scythe of venom.
You are lethally poisoned!
It was a potion of heal wounds.
You feel much better.
You feel very sick.
The wall freezes Sigmund.
Sigmund hits you from afar with a +3 scythe of venom!
You aren't carrying any items that you can evoke.
Okay, then.
Unknown command.
Casting: Frozen Ramparts (quite dangerous; 11% risk of failure)
Confirm with . or Enter, or press ? or * to list all spells.
Okay, then.
Unknown command.
Reach: f) +0 trident
Press: ? - help, Dir - move target, f - Sigmund
Aim: Sigmund, wielding a +3 scythe of venom and wearing a +0 robe (heavily wounded, about 50% to evade your +0 trident)
You reach to attack!
You hit Sigmund.
Sigmund is heavily wounded.
* * * LOW HITPOINT WARNING * * *
You feel very sick.
Reach: f) +0 trident
Press: ? - help, Dir - move target, f/p - Sigmund
Aim: Sigmund, wielding a +3 scythe of venom and wearing a +0 robe (heavily wounded, about 50% to evade your +0 trident)
You reach to attack!
You puncture Sigmund!
Sigmund is almost dead.
* * * LOW HITPOINT WARNING * * *
You feel very sick.
The wall freezes Sigmund.
Sigmund hits you from afar with a +3 scythe of venom!
You die...

#. .. ....... #.
#. ....... #. #.##
##....... #. ..#
#......# ##
#######.###......#
.........##......#
#########
.........##......#
#........
..........#@.....#
#........
........#@#......#
#........
........#.#@.....#
#........
........#..##+####
#........
........##.##.#
######...
........##..#.#
#...
........###.#.#
#...
###########.#.#
#... #.....[# ####


You could see Sigmund.

Vanquished Creatures
  Robin (D:2)
  A giant cockroach (D:1)
  9 goblins
  8 hobgoblins
  2 quokkas (D:1)
  4 ball pythons (D:1)
  2 bats
  3 frilled lizards
  9 rats
39 creatures vanquished.

Notes
Turn   | Place    | Note
-------+----------+-------------------------------------------
     0 | D:1      | Minsecho the Merfolk Ice Elementalist began the quest for
                  | the Orb.
     0 | D:1      | Reached XP level 1. HP: 13/13 MP: 3/3
    40 | D:1      | Found a faded altar of an unknown god.
   124 | D:1      | Reached XP level 2. HP: 15/19 MP: 3/5
   647 | D:1      | Reached XP level 3. HP: 15/24 MP: 1/6
   840 | D:1      | Learned a level 3 spell: Frozen Ramparts
   924 | D:2      | Noticed Robin
   968 | D:2      | Killed Robin
  1092 | D:2      | Reached skill level 5 in Ice Magic
  1451 | D:2      | Noticed Sigmund
  1475 | D:2      | Mangled by Sigmund

Illustrated notes

Levels and vault maps discovered:
D:1:      minmay_arrival_glassed_features, layout_basic,
          chequers_ecumenical_altar_simple_redux, st_stairs_14,
          minmay_misc_feat_diagonals, minmay_close_crescents
D:2:      layout_basic, uniq_robin, uniq_sigmund

Skill      XL: |  1  2  3 |
---------------+----------+-----
Dodging        | 3 |  3.1
Ice Magic      | 5 |  5.0
Short Blades   | |  0.2
Stealth        | |  2.6
Spellcasting   | |  2.7

Action                   || total
-------------------------++-------
Melee: Dagger            ||    23
       Trident           ||    13
 Cast: Freeze            ||    25
       Frozen Ramparts   ||     4
  Use: Potion            ||     3
 Stab: Sleeping          ||     4
Armor: Robe              ||     4
Dodge: Dodged            ||    34
